 Dungeon Crawl Stone Soup version 0.25.1-2-g60ff931df9 (webtiles) character file.

Game seed: 12932061659960355969

10146 lepoulpe303 the Thaumaturge (level 11, -5/52 HPs)
             Began as a Spriggan Earth Elementalist on Sept 7, 2020.
             Was a Believer of Ashenzari.
             Slain by a wolf (10 damage)
             ... on level 2 of the Lair of Beasts.
             The game lasted 00:40:51 (13013 turns).

lepoulpe303 the Thaumaturge (SpEE)                 Turns: 13013, Time: 00:40:51

Health: -5/52      AC:  4    Str:  4    XL:     11   Next: 32%
Magic:  21/27      EV: 28    Int: 20    God:    Ashenzari [**....]
Gold:   548        SH:  0    Dex: 23    Spells: 18/33 levels left

rFire    . . .     SeeInvis +   a - +4 dagger (vamp) (curse)
rCold    . . .     Gourm    .   (shield restricted)
rNeg     . . .     Faith    .   u - +0 robe
rPois    +         Spirit   .   E - +2 hat (curse)
rElec    .         Reflect  .   (no cloak)
rCorr    .         Harm     .   (gloves unavailable)
MR       +....                  (boots unavailable)
Stlth    +++++.....             x - amulet of the acrobat (curse)
HPRegen  0.17/turn              s - +6 ring of dexterity (curse)
MPRegen  0.20/turn              P - ring of poison resistance

@: very quick
A: very small, unfitting armour, see invisible, herbivore, speed 3, slow
metabolism 2
a: Curse Item, Scrying, Renounce Religion


You were on level 2 of the Lair of Beasts.
You worshipped Ashenzari.
Ashenzari was pleased with you.
You were not hungry.

You visited 3 branches of the dungeon, and saw 11 of its levels.

You collected 626 gold pieces.
You spent 78 gold pieces at shops.

Inventory:

Hand Weapons
 a - a cursed +4 vampiric dagger (weapon)
 b - a +2 dagger of protection
 c - a +0 rapier
 k - a +0 short sword
 D - a +2 dagger of speed
Missiles
 m - 16 poisoned darts (quivered)
 y - 8 atropa-tipped darts
 Q - 96 stones
Armour
 u - a +0 robe (worn)
 E - a cursed +2 hat (worn)
Magical Staves
 o - an uncursed staff of summoning {!a}
Jewellery
 s - a cursed +6 ring of dexterity (left hand)
 t - an uncursed amulet of magic regeneration
 x - a cursed amulet of the acrobat (around neck)
 G - an uncursed ring of fire {rF+, rC-}
 P - a ring of poison resistance (right hand)
Wands
 w - a wand of iceblast (7)
 I - a wand of polymorph (9)
Scrolls
 f - 5 scrolls of magic mapping {!r}
 g - 5 scrolls of teleportation
 i - 5 scrolls of identify
 l - 3 scrolls of enchant armour
 n - 2 scrolls of remove curse
 p - a scroll of immolation {!r}
 B - 4 scrolls of blinking {!r}
 F - a scroll of enchant weapon
Potions
 d - a potion of heal wounds {unknown}
 h - a potion of experience
 j - 4 potions of mutation {!q}
 q - 5 potions of curing
 r - 3 potions of brilliance
 v - 2 potions of stabbing
 z - a potion of berserk rage {!q}
 A - a potion of degeneration {unknown}
 C - 2 potions of magic
 H - a potion of lignification {unknown}
Comestibles
 e - 20 rations


   Skills:
 - Level 3.1 Fighting
 + Level 7.4(9.8) Short Blades
 + Level 10.3 Dodging
 + Level 11.0 Stealth
 * Level 11.7 Spellcasting
   Level 4.6(6.0) Hexes
 - Level 1.3(2.3) Transmutations
 * Level 9.4(10.8) Earth Magic


You had 18 spell levels left.
You knew the following spells:

 Your Spells              Type           Power        Failure   Level  Hunger
a - Sandblast             Erth           ######       1%          1    None
c - Petrify               Tmut/Erth      #####...     3%          4    #......
w - Passwall              Tmut/Erth      #####...     1%          2    None
x - Stone Arrow           Conj/Erth      ####..       1%          3    None
z - Lee's Rapid Deconstr  Erth           ######....   1%          5    ####...

Your spell library contained the following spells:

 Spells                   Type           Power        Failure   Level  Hunger
 Dazzling Flash           Conj/Hex       ###...       4%          3    None
 Apportation              Tloc           ##....       5%          1    None
 Magic Dart               Conj           ##..         5%          1    None
 Blink                    Tloc           N/A          9%          2    None
 Searing Ray              Conj           ##....       9%          2    None
 Shroud of Golubria       Chrm/Tloc      ##....       9%          2    None
 Fulminant Prism          Conj/Hex       ###.......   16%         4    #......
 Iskenderun's Mystic Bla  Conj/Tloc      ##......     47%         4    #......


Dungeon Overview and Level Annotations

Branches:
Dungeon (8/15)             Temple (1/1) D:7            Lair (2/6) D:8
  Swamp: Lair:2-4    Shoals: Lair:2-4     Snake: Lair:2-4    Spider: Lair:2-4

Altars:
Ashenzari
Cheibriados
Dithmenos
Elyvilon
Fedhas
Gozag
Hepliaklqana
Kikubaaqudgha
Makhleb
Nemelex Xobeh
Okawaru
Qazlal
Ru
Sif Muna
Trog
Uskayaw
Vehumet
Wu Jian
Xom
Yredelemnul
Zin
The Shining One

Shops:
D:6 ?   D:7 *

Annotations:
D:8 1 runed translucent door


Innate Abilities, Weirdness & Mutations

You are very small and have problems with some larger weapons.
You are too small for most types of armour.
You have supernaturally acute eyesight. (SInv)
You are a herbivore.
You cover ground extremely quickly.
You need to consume almost no food.


Message History

Unknown command.
Aim: a wolf (moderately wounded)
The blast of sand hits the wolf!
Q - 98 stones The wolf completely misses you.
The wolf closely misses you.
Aim: a wolf (almost dead)
The blast of sand hits the wolf!
You kill the wolf!
Your Stealth skill increases to level 11!
Q - 97 stones The wolf bites you.
* * * LOW HITPOINT WARNING * * *
You take 5 damage, and have 12/52 hp.
You now have 22/27 mp.
Aim: a wolf The blast of sand hits the wolf!
Q - 96 stones The wolf bites you!
* * * LOW HITPOINT WARNING * * *
The wolf bites you!
You die...

≈........#.. , * #......
##........##... # ** #......
............ .., ,,. .** #......
.#P.........*#.+###. ...####..P#.
####.<......##...#. .....#.#...#.
##........#.....#..............
##..........8.>.8#..............
##.#........#.....#..............
#...........,#.8@##.....#...#.##.
........P.#.#####hh............#.
........#.#*#...{h............##.
........### ##.........≈≈≈≈≈≈.##.
........# ##.........≈≈#≈≈≈.##.
........# #..........≈≈≈##≈.##.
........# ##.........≈≈≈##≈.##.
...)....## ##.........≈≈##≈≈....
.........# #P.....h...≈≈≈##≈...#


You could see 3 wolves.

Levels and vault maps discovered:
D:1:      lightli_arrival_flooded_house, layout_rooms, kennysheep_doodads
D:2:      layout_loops_ring, chequers_ecumenical_altar_simple,
          minmay_hexomino_c4, uniq_sigmund
D:3:      layout_loops_ring
D:4:      layout_cave_pools, fedhas_altar_2, serial_column_ruins,
          column_ruins_columns_water, column_ruins_grid_1, column_ruins_grid_1,
          column_ruins_columns_dead_end
D:5:      layout_rooms, grunt_temple_overflow_champion_of_chaos,
          ebering_ghost_disaster_area, first_ration
D:6:      layout_cave_pools, grunt_temple_overflow_diamond, serial_shops, shop,
          minmay_misc_feat_enclosed
D:7:      layout_loops_ring, grunt_temple_overflow_open,
          minmay_temple_entry_ruins, basic_altar, serial_shops, shop,
          grunt_livestock, grunt_decor_cap, kennysheep_cross_room,
          minmay_misc_feat_roman
D:8:      cheibrodos_shockbox, layout_rooms, lair_entry_dummy
Temple:   dshaligram_water_room_temple
Lair:1:   layout_concentric_octagons, st_stairs_5, grunt_megastairs_1,
          serial_bayou_shore_b, uniq_erica
Lair:2:   layout_gridlike, minivault_26, infiniplex_staircase_pool_2,
          grunt_megastairs_3

Notes
Turn   | Place    | Note
-------+----------+-------------------------------------------
     0 | D:1      | lepoulpe303 the Spriggan Earth Elementalist began the quest
                  | for the Orb.
     0 | D:1      | Reached XP level 1. HP: 9/9 MP: 5/5
   143 | D:1      | Identified a +0 club
   185 | D:1      | Identified a +0 club
   194 | D:1      | Reached skill level 3 in Spellcasting
   195 | D:1      | Reached XP level 2. HP: 13/13 MP: 2/7
   201 | D:1      | Learned a level 2 spell: Passwall
   269 | D:1      | Identified a +0 whip
   365 | D:1      | Identified a +0 short sword
   366 | D:1      | Reached skill level 3 in Earth Magic
   526 | D:1      | Identified a +0 short sword
   857 | D:2      | Identified a +0 dagger
   857 | D:2      | Identified a +0 club
   862 | D:2      | Identified a +1 dagger of speed
   998 | D:2      | Found a faded altar of an unknown god.
  1029 | D:2      | Identified a cursed -3 scythe
  1029 | D:2      | Identified a +0 robe
  1029 | D:2      | Noticed Sigmund
  1037 | D:2      | Killed Sigmund
  1037 | D:2      | Reached skill level 1 in Short Blades
  1037 | D:2      | Reached skill level 4 in Dodging
  1037 | D:2      | Reached skill level 4 in Stealth
  1037 | D:2      | Reached skill level 4 in Spellcasting
  1037 | D:2      | Reached XP level 3. HP: 5/16 MP: 2/9
  1037 | D:2      | Reached XP level 4. HP: 7/21 MP: 2/11
  1037 | D:2      | Reached XP level 5. HP: 8/24 MP: 2/12
  1375 | D:2      | Identified a +0 dagger
  1375 | D:2      | Identified a +0 whip
  1384 | D:2      | Identified a +0 club
  1634 | D:2      | Reached skill level 4 in Earth Magic
  1919 | D:2      | Identified a +0 club
  1921 | D:2      | Identified a +2 dagger of speed
  1955 | D:2      | Reached skill level 2 in Short Blades
  2273 | D:2      | Identified a +0 club
  2291 | D:2      | Reached XP level 6. HP: 20/28 MP: 13/13
  2296 | D:2      | Learned a level 3 spell: Stone Arrow
  2516 | D:3      | Identified a +0 club
  2516 | D:3      | Identified a +0 short sword
  2546 | D:3      | Identified a +0 scale mail
  2547 | D:3      | Identified a cursed -2 flail
  2547 | D:3      | Identified a cursed +0 ring mail
  2548 | D:3      | Identified a +0 whip
  2548 | D:3      | Identified a +0 ring mail
  2548 | D:3      | Identified a +0 club
  2550 | D:3      | Identified a +0 mace
  2552 | D:3      | Identified a +0 dagger
  2552 | D:3      | Identified a +0 robe
  2557 | D:3      | Identified a +0 flail
  2564 | D:3      | HP: 6/28 [iguana (5)]
  2857 | D:3      | Identified a +0 club
  2857 | D:3      | Identified a +0 leather armour
  3144 | D:3      | HP: 4/28 [orc wizard/+0 dagger (5)]
  3449 | D:3      | Reached skill level 5 in Spellcasting
  3499 | D:3      | Identified a +0 dagger
  3499 | D:3      | Identified a +0 flail
  3499 | D:3      | Identified a cursed +0 chain mail
  3500 | D:3      | Identified a +0 club
  3532 | D:3      | HP: 6/28 [orc/+0 flail (11)]
  3572 | D:3      | HP: 2/28 [orc/+0 flail (6)]
  3667 | D:3      | Identified a +2 dagger of protection
  3963 | D:3      | Identified a +0 dagger
  3963 | D:3      | Identified a +0 flail
  3975 | D:3      | Identified a +0 club
  3977 | D:3      | Identified a +0 whip
  3978 | D:3      | Identified a +0 dagger
  3978 | D:3      | Identified a +0 robe
  3994 | D:3      | Reached skill level 5 in Stealth
  4836 | D:4      | Found a blossoming altar of Fedhas.
  4837 | D:4      | Identified a +0 war axe
  4837 | D:4      | Identified a +0 leather armour
  4837 | D:4      | Identified a +0 trident
  4877 | D:4      | Identified a +0 club
  4883 | D:4      | Identified a +0 dagger
  4883 | D:4      | Identified a +0 robe
  5053 | D:4      | Reached skill level 5 in Dodging
  5062 | D:3      | Reached XP level 7. HP: 15/32 MP: 9/16
  5456 | D:4      | Identified a +0 falchion
  5462 | D:4      | Identified a +0 club
  5462 | D:4      | Identified a +0 leather armour
  5463 | D:4      | Identified a +0 dagger
  5463 | D:4      | Identified a +0 robe
  5479 | D:4      | Identified a cursed +0 ring mail
  5550 | D:4      | Identified a +0 giant club
  5590 | D:4      | Reached skill level 3 in Short Blades
  5848 | D:4      | Identified a +0 giant spiked club
  5849 | D:4      | Reached skill level 6 in Spellcasting
  5849 | D:4      | Reached skill level 5 in Earth Magic
  5855 | D:4      | Learned a level 4 spell: Petrify
  5913 | D:5      | Entered Level 5 of the Dungeon
  5913 | D:5      | Found a large runed translucent door.
  5913 | D:5      | Found a large runed translucent door.
  5913 | D:5      | Noticed KrasnyyBoyets's ghost (novice DsHu)
  5917 | D:5      | Identified a +2 vampiric dagger
  5917 | D:5      | Identified a +0 scale mail
  5917 | D:5      | Identified a +0 club
  5918 | D:5      | Identified a +0 short sword
  5918 | D:5      | Identified a +0 ring mail
  5933 | D:5      | HP: 7/32 [iguana (13)]
  6275 | D:5      | Reached skill level 6 in Stealth
  6313 | D:5      | Identified a +0 flail
  6313 | D:5      | Identified a +0 chain mail
  6342 | D:5      | Reached XP level 8. HP: 23/36 MP: 15/18
  6454 | D:4      | Identified 6 scrolls of identify
  6454 | D:4      | Identified an amulet of the acrobat (You found it on level
                  | 4 of the Dungeon)
  6456 | D:4      | Identified 3 potions of curing
  6457 | D:4      | Identified 3 potions of brilliance
  6458 | D:4      | Identified 2 potions of experience
  6459 | D:4      | Reached skill level 3 in Fighting
  6459 | D:4      | Reached skill level 5 in Short Blades
  6459 | D:4      | Reached skill level 8 in Dodging
  6459 | D:4      | Reached skill level 8 in Stealth
  6459 | D:4      | Reached skill level 9 in Spellcasting
  6459 | D:4      | Reached skill level 4 in Hexes
  6459 | D:4      | Reached skill level 7 in Earth Magic
  6459 | D:4      | Reached XP level 9. HP: 44/44 MP: 18/23
  6482 | D:5      | Identified a +0 shortbow
  6685 | D:5      | Found a shimmering altar of Xom.
  6685 | D:5      | Identified a +0 dagger of chaos
  6686 | D:5      | Found a burning altar of Makhleb.
  6855 | D:5      | Killed KrasnyyBoyets's ghost
  6855 | D:5      | Reached skill level 6 in Short Blades
  6855 | D:5      | Reached skill level 9 in Stealth
  7059 | D:6      | Found Ylirray's Magic Scroll Shop.
  7068 | D:6      | Bought a scroll of teleportation for 39 gold pieces
  7068 | D:6      | Bought a scroll of teleportation for 39 gold pieces
  7130 | D:6      | Identified a +0 shortbow
  7131 | D:6      | Identified a +0 shortbow
  7186 | D:6      | You fall into a shaft and drop 2 floors!
  7186 | D:8      | Identified a +0 trident
  7186 | D:8      | Identified a +0 ring mail
  7186 | D:8      | Identified a +0 buckler
  7186 | D:8      | Identified a +0 club
  7186 | D:8      | Identified a +0 leather armour
  7187 | D:8      | Identified a +0 flail
  7187 | D:8      | Identified a +0 whip
  7197 | D:8      | Identified a +0 morningstar
  7350 | D:8      | Identified the Almanac of the Voyage
  7371 | D:8      | Identified a +0 rapier (You found it on level 4 of the
                  | Dungeon)
  7498 | D:7      | Identified a +1 hat (You found it on level 7 of the
                  | Dungeon)
  7499 | D:7      | Identified a +0 hand axe
  7499 | D:7      | Identified a +0 animal skin
  7519 | D:7      | Reached skill level 10 in Spellcasting
  7519 | D:7      | Reached skill level 8 in Earth Magic
  7527 | D:7      | HP: 11/44 [hog (10)]
  7800 | D:7      | Reached skill level 9 in Dodging
  7971 | D:7      | Found a staircase to the Ecumenical Temple.
  7976 | D:7      | Identified a +0 trident
  7976 | D:7      | Identified a +0 plate armour
  7977 | D:7      | Identified a cursed +0 club
  7977 | D:7      | Identified a +0 scale mail
  8000 | D:7      | Learned a level 5 spell: Lee's Rapid Deconstruction
  8006 | D:7      | Identified a +0 quarterstaff
  8006 | D:7      | HP: 9/44 [orc warrior/+0 trident (22)]
  8238 | D:7      | Identified a +0 dagger
  8238 | D:7      | Identified a +0 robe
  8239 | D:7      | Identified a +0 flail
  8241 | D:7      | Identified a +0 hand axe
  8241 | D:7      | Identified a +0 chain mail
  8244 | D:7      | Identified a +0 flail
  8252 | D:7      | Reached XP level 10. HP: 35/49 MP: 8/25
  8370 | Temple   | Entered the Ecumenical Temple
  8475 | D:6      | Identified a +0 morningstar
  8475 | D:6      | Identified a +0 robe
  8478 | D:6      | Identified a cursed +0 halberd
  8478 | D:6      | Identified a +0 robe
  8572 | D:6      | Identified a cursed -2 morningstar
  8572 | D:6      | Identified a +0 leather armour
  8575 | D:6      | Identified a +0 flail
  8575 | D:6      | Identified a +0 leather armour
  8586 | D:6      | Identified a +0 mace
  8586 | D:6      | Identified a +0 leather armour
  8632 | D:6      | Identified a +0 giant club
  8675 | D:6      | Identified a +0 club
  8675 | D:6      | Identified a cursed +0 leather armour
  8677 | D:6      | Identified a +0 ring mail
  8720 | D:6      | Identified a cursed +3 great sword
  8720 | D:6      | Identified a +0 robe
  8721 | D:6      | Identified a cursed +0 flail
  8721 | D:6      | Identified a +0 robe
  8723 | D:6      | Identified a +2 spear of freezing
  8723 | D:6      | Identified a +0 robe
  8928 | D:6      | Identified a +0 whip
  8928 | D:6      | Identified a +0 robe
  8929 | D:6      | Identified a +0 spear
  8932 | D:6      | Identified a +0 spear
  8932 | D:6      | Identified a +0 spear
  8932 | D:6      | Identified a +0 spear
  8964 | D:6      | Identified a +0 hand axe
  9286 | D:6      | Found a shimmering blue altar of Sif Muna.
  9289 | D:6      | Found a glowing silver altar of Zin.
  9292 | D:6      | Found a shattered altar of Ashenzari.
  9397 | D:6      | Became a worshipper of Ashenzari the Shackled
  9397 | D:6      | Identified an uncursed ring of poison resistance (You found
                  | it on level 2 of the Dungeon)
  9397 | D:6      | Identified an uncursed ring of dexterity (You found it on
                  | level 3 of the Dungeon)
  9465 | D:5      | Identified 5 scrolls of magic mapping
  9466 | D:5      | Identified 2 potions of stabbing
  9467 | D:5      | Identified a potion of berserk rage
  9468 | D:5      | Identified a potion of mutation
  9469 | D:5      | Identified 3 scrolls of enchant armour
  9470 | D:5      | Identified 3 scrolls of blinking
  9471 | D:5      | Identified a scroll of enchant weapon
  9472 | D:5      | Identified a scroll of immolation
  9473 | D:5      | Identified a scroll of random uselessness
  9492 | D:4      | Identified a +0 helmet
  9603 | D:6      | Identified a +0 trident
  9605 | D:6      | Identified a +0 long sword
  9826 | D:6      | Identified a +0 spear
  9826 | D:6      | Identified a +0 short sword
  9826 | D:6      | Identified a cursed -2 short sword
  9826 | D:6      | Identified a +0 spear
  9826 | D:6      | Identified a +0 mace
  9826 | D:6      | Identified a +0 flail
  9826 | D:6      | Identified a +0 arbalest (You found it on level 5 of the
                  | Dungeon)
  9826 | D:6      | Identified a +0 war axe
  9826 | D:6      | Identified a +0 shortbow
  9826 | D:6      | Identified a +0 club
  9826 | D:6      | Identified a +0 hunting sling
  9826 | D:6      | Identified a +0 club
  9826 | D:6      | Identified 2 potions of magic
  9844 | D:7      | Identified a +0 club
  9856 | D:7      | Found Yngawn's Assorted Antiques.
  9893 | D:7      | Identified a +0 scale mail
  9901 | D:7      | Identified a +0 club
  9902 | D:7      | Identified a +2 flail of venom
  9902 | D:7      | Identified a +0 plate armour
  9903 | D:7      | Identified a +0 dagger
  9933 | D:7      | Found a sparkling altar of Nemelex Xobeh.
  9935 | D:7      | Found an opulent altar of Gozag.
  9943 | D:7      | Found a bloodstained altar of Trog.
 10164 | D:7      | Identified a +0 short sword
 10356 | D:7      | Found a shadowy altar of Dithmenos.
 10437 | D:7      | Identified an amulet of magic regeneration
 10448 | D:7      | Identified a +0 halberd
 10449 | D:7      | Identified a +0 spear
 10449 | D:7      | Identified a +1 halberd of venom
 10482 | D:7      | Identified a +0 spear (You took it off a gnoll on level 7
                  | of the Dungeon)
 10597 | D:8      | Identified a +0 hunting sling
 10614 | D:8      | Identified a +0 falchion
 10651 | D:8      | Identified a +0 club
 10658 | D:8      | Identified a +0 great sword
 10658 | D:8      | Identified a +0 robe
 10658 | D:8      | Identified a +0 battleaxe
 10658 | D:8      | Identified a +0 robe of fire resistance
 10658 | D:8      | Identified a +1 long sword
 10658 | D:8      | Identified a +0 robe
 10954 | D:8      | Found a runed translucent door.
 10954 | D:8      | Noticed a sixfirhy
 10955 | D:8      | Identified a +1 demon blade of electrocution
 10975 | D:8      | Reached skill level 10 in Stealth
 10986 | D:8      | Identified a +0 trident
 10986 | D:8      | Identified a +0 scale mail
 10993 | D:8      | Identified a +0 dagger
 10993 | D:8      | Identified a +0 robe
 10993 | D:8      | Identified a +0 dagger
 10993 | D:8      | Identified a +0 robe
 10993 | D:8      | Identified a +0 flail
 10993 | D:8      | Identified a +0 leather armour
 10993 | D:8      | Identified a +0 flail
 10993 | D:8      | Identified a +0 plate armour
 11026 | D:8      | Found a staircase to the Lair.
 11176 | D:8      | Identified a scroll of noise
 11204 | Lair:1   | Entered Level 1 of the Lair of Beasts
 11204 | Lair:1   | Identified a +0 rapier
 11246 | Lair:1   | Reached * piety under Ashenzari
 11318 | Lair:1   | Noticed a black mamba
 11325 | Lair:1   | Killed a black mamba
 11331 | Lair:1   | Noticed a spiny frog
 11334 | Lair:1   | Killed a spiny frog
 11399 | Lair:1   | Reached skill level 11 in Spellcasting
 11570 | Lair:1   | Identified a +0 scimitar of flaming
 11570 | Lair:1   | Identified a +0 robe
 11570 | Lair:1   | Noticed Erica
 11606 | Lair:1   | Killed Erica
 11606 | Lair:1   | Reached skill level 7 in Short Blades
 11606 | Lair:1   | Reached skill level 9 in Earth Magic
 11606 | Lair:1   | Reached XP level 11. HP: 52/52 MP: 12/27
 11960 | Lair:1   | Reached skill level 10 in Dodging
 12153 | Lair:1   | Identified a ring of fire
 12713 | Lair:2   | Identified a +0 falchion
 12928 | Lair:2   | Identified the +0 bardiche of Defilement {vorpal, rF+
                  | Int+6}
 12969 | Lair:2   | Reached ** piety under Ashenzari
 13012 | Lair:2   | Reached skill level 11 in Stealth
 13012 | Lair:2   | HP: 12/52 [wolf (5)]
 13013 | Lair:2   | HP: 5/52 [wolf (7)]
 13013 | Lair:2   | Slain by a wolf

Table legend:
 A = Turns spent in this place as a percentage of turns spent in the entire game.
 B = Non-inter-level travel turns spent in this place as a percentage of non-inter-level travel turns spent in the entire game.
 C = Inter-level travel turns spent in this place as a percentage of turns spent in this place.
 D = Turns resting spent in this place as a percentage of non-inter-level travel turns spent in this place.
 E = Turns spent auto-exploring this place as a percentage of non-inter-level travel turns spent in this place.
 F = Non-inter-level travel turns spent in this place divided by the number of levels of this place that you've seen.
                   A       B       C       D       E      F
               +-------+-------+-------+-------+-------+----------------------
         Total | 100.0 | 100.0 |   3.7 |  44.9 |  34.2 | 1138.7
       Dungeon |  85.4 |  85.1 |   4.0 |  46.8 |  31.6 | 1332.9
        Temple |   0.7 |   0.6 |  22.0 |   0.0 |  97.2 |  71.0
          Lair |  13.9 |  14.3 |   0.9 |  35.0 |  47.2 | 896.0
               +-------+-------+-------+-------+-------+----------------------

Table legend:
 A = Kills in this place as a percentage of kills in entire the game.
 B = Kills by you in this place as a percentage of kills by you in the entire game.
 C = Kills by friends in this place as a percentage of kills by friends in the entire game.
 D = Other kills in this place as a percentage of other kills in the entire game.
 E = Experience gained in this place as a percentage of experience gained in the entire game.
 F = Experience gained in this place divided by the number of levels of this place that you have seen.
                   A       B       C       D       E      F
               +-------+-------+-------+-------+-------+----------------------
         Total | 100.0 | 100.0 |   N/A |   N/A | 100.0 | 1190.8
       Dungeon |  88.9 |  88.9 |   N/A |   N/A |  50.4 | 825.6
          Lair |  11.1 |  11.1 |   N/A |   N/A |  49.6 | 3247.0
               +-------+-------+-------+-------+-------+----------------------

Skill      XL: |  1  2  3  4  5  6  7  8  9 10 11 |
---------------+----------------------------------+-----
Spellcasting   | 3 4 5 6 9 10 11 | 11.7
Earth Magic    | 3 4 5 7 8 9 |  9.4
Short Blades   | 1 2 3 5 6 7 |  7.4
Dodging        | 4 5 8 9 10 | 10.3
Stealth        | 4 5 6 8 9 10 11 | 11.0
Fighting       | 3 |  3.1
Hexes          | 4 |  4.6
Transmutations | |  1.3

Action                   |  1- 3 |  4- 6 |  7- 9 | 10-12 || total
-------------------------+-------+-------+-------+-------++-------
Melee: Unarmed           |    29 |       |       |       ||    29
       Short sword       |    21 |       |       |       ||    21
       Dagger            |       |   262 |   161 |   263 ||   686
       Rapier            |       |       |    11 |       ||    11
Throw: Dart              |       |    23 |    11 |    10 ||    44
 Cast: Sandblast         |    26 |    48 |    72 |    42 ||   188
       Stone Arrow       |       |       |    25 |    71 ||    96
       Lee's Rapid Decon |       |       |     2 |     7 ||     9
       Petrify           |       |       |       |     4 ||     4
Invok: Curse Item        |       |       |       |     4 ||     4
  Use: Scroll            |       |       |     4 |    12 ||    16
       Potion            |       |       |     1 |       ||     1
 Stab: Sleeping          |     2 |     7 |     5 |    13 ||    27
       Distracted        |       |       |     1 |     2 ||     3
       Petrified         |       |       |       |     2 ||     2
  Eat: Ration            |       |     1 |     2 |     3 ||     6
Armor: Robe              |     4 |    17 |     5 |     8 ||    34
Dodge: Dodged            |    59 |   193 |   132 |   225 ||   609

Vanquished Creatures
  Erica (Lair:1)
  The ghost of KrasnyyBoyets the Vandal, a novice DsHu (D:5)
  A black mamba (Lair:1)
  4 spiny frogs
  A komodo dragon (Lair:1)
  4 blink frogs (Lair:1)
  Sigmund (D:2)
  2 hippogriffs (Lair:1)
  A wyvern (Lair:2)
  4 hogs (D:7)
  A human (D:7)
  2 porcupines (Lair:1)
  2 water moccasins
  4 orc warriors
  2 ice beasts
  2 sky beasts
  3 ogres
  3 phantoms
  2 wolves (Lair:2)
  3 centaurs
  3 crocodiles
  5 bullfrogs
  A gnoll sergeant (D:8)
  2 scorpions
  8 wights
  A howler monkey (D:8)
  2 lava snakes (D:7)
  A crimson imp (D:5)
  2 hounds
  6 orc priests
  A bullfrog skeleton (D:7)
  A gnoll shaman (D:6)
  2 iguanas
  7 orc wizards
  5 worker ants
  A hound zombie (D:8)
  12 gnolls
  2 howler monkey skeletons
  10 adders
  2 oozes
  An adder skeleton (D:4)
  2 adder zombies (D:5)
  3 worms
  2 leopard geckos
  35 orcs
  8 giant cockroaches
  5 goblins
  6 hobgoblins
  8 jackals
  13 kobolds
  4 quokkas
  2 ball pythons
  9 bats
  6 frilled lizards
  A jackal skeleton (D:4)
  A jackal zombie (D:6)
  A leopard gecko skeleton (D:8)
  A leopard gecko zombie (D:7)
  9 rats
235 creatures vanquished.
